 Dungeon Crawl Stone Soup version 0.31.0-11-ge490571c62 (webtiles) character file.

Game seed: 9090394295676323961

891 hawla the Conjurer (level 7, -2/41 HPs)
             Began as a Deep Elf Conjurer on Feb 5, 2024.
             Slain by an ice beast (12 damage)
             ... on level 5 of the Dungeon.
             The game lasted 00:09:58 (4312 turns).

hawla the Conjurer (Deep Elf Conjurer)              Turns: 4312, Time: 00:09:58

Health: -2/41      AC:  5    Str:  4    XL:     7   Next: 78%
Magic:  2/17       EV: 14    Int: 25    God:
Gold:   227        SH:  0    Dex: 13    Spells: 10/17 levels left

rFire   . . .        i - +4 quarterstaff (chaos)
rCold   . . .        (shield currently unavailable)
rNeg    . . .        a - +0 robe
rPois   .            r - +0 helmet
rElec   .            j - +0 cloak
rCorr   .            h - +0 pair of gloves
SInv    .            (no boots)
Will    .....        (no amulet)
Stlth   +++          (no ring)
HPRegen 0.26/turn    (no ring)
MPRegen 0.15/turn

%: no passive effects
@: very slightly contaminated
A: no striking features
a: no special abilities


You were on level 5 of the Dungeon.
You visited 1 branch of the dungeon, and saw 5 of its levels.

You collected 227 gold pieces.

Inventory:

Hand Weapons
 i - a +4 quarterstaff of chaos (weapon)
Armour
 a - a +0 robe (worn)
 h - a +0 pair of gloves (worn)
 j - a +0 cloak (worn)
 r - a +0 helmet (worn)
Jewellery
 k - a ring of positive energy
 l - a ring of protection from cold
Wands
 o - a wand of quicksilver (7)
Scrolls
 c - a scroll of revelation
 f - a scroll of identify
 p - a scroll of enchant weapon
Potions
 b - a potion of magic
 d - 2 potions of curing
 e - 3 potions of might
 g - a potion of cancellation
 m - a potion of attraction {unknown}
 q - a potion of brilliance


   Skills:
 - Level 3.0 Fighting
 - Level 5.2 Dodging
 - Level 5.0 Stealth
 - Level 5.8 Spellcasting
 - Level 6.1 Conjurations
 + Level 2.5 Translocations


You had 10 spell levels left.
You knew the following spells:

 Your Spells              Type           Power      Damage    Failure   Level
a - Magic Dart            Conj           100%       1d8       1%          1
b - Searing Ray           Conj           74%        2d7       1%          2
c - Iskenderun's Mystic   Conj/Tloc      28%        2d7       13%         4

Your spell library contained the following spells:

 Spells                   Type           Power      Damage    Failure   Level
 Apportation              Tloc           38%        N/A       2%          1
 Jinxbite                 Hex            14%        N/A       12%         2
 Fulminant Prism          Conj/Alch      11%        3d9       22%         4
 Alistair's Intoxication  Alch           4%         N/A       91%         5


Dungeon Overview and Level Annotations

Branches:
Dungeon (5/15)
 Temple: D:4-7

Altars:
Cheibriados
Qazlal
Trog
Yredelemnul


Message History

The ice beast is lightly wounded.
The ice beast hits you but does no damage.
You closely miss the ice beast.
The ice beast is lightly wounded.
The ice beast hits you. The ice beast freezes you!
* * * LOW HITPOINT WARNING * * *
Casting: Searing Ray (safe; 1% risk of failure)
Confirm with . or Enter, or press ? or * to list all spells.
You erupt in a blast of force!
The mystic blast hits the ice beast but does no damage.
The ice beast is lightly wounded.
The ice beast completely misses you.
Unknown command.
Casting: Iskenderun's Mystic Blast (quite dangerous; 13% risk of failure)
Confirm with . or Enter, or press ? or * to list all spells.
You erupt in a blast of force!
The mystic blast hits the ice beast.
The ice beast is heavily wounded.
The ice beast is knocked back by the mystic blast.
Unknown command.
Casting: Iskenderun's Mystic Blast (quite dangerous; 13% risk of failure)
Confirm with . or Enter, or press ? or * to list all spells.
You miscast Iskenderun's Mystic Blast.
You are very lightly contaminated with residual magic.
Nothing appears to happen.
The ice beast barely misses you.
Unknown command.
Casting: Iskenderun's Mystic Blast (quite dangerous; 13% risk of failure)
Confirm with . or Enter, or press ? or * to list all spells.
Aiming: Searing Ray (safe; 1% risk of failure)
Press: ? - help, Shift-Dir - straight line, f - ice beast
Aim: an ice beast (heavily wounded, poisoned, 81% to hit)
The searing ray hits the ice beast.
The ice beast is almost dead. (Press . to maintain the ray.)
The ice beast hits you but does no damage.
The searing ray hits the ice beast but does no damage.
The ice beast is almost dead.
The ice beast hits you.
* * * LOW HITPOINT WARNING * * *
The ice beast freezes you!
You die...

########
##.#.#
####..#.#
#.....#
#.....#
#.....#
#.....#
#....[#
#.....#
#...@.#
#...Y.#
#.....#
#.....#
####...
#####


You could see an ice beast (poisoned).

Vanquished Creatures
  2 black bears
  2 ogres
  A centaur (D:5)
  A phantom (D:5)
  2 scorpions
  A hound (D:5)
  Crazy Yiuf (D:2)
  A sleepcap (D:5)
  An orc wizard (D:5)
  Robin (D:4)
  4 adders
  3 ribbon worms
  A dart slug (D:1)
  8 orcs
  4 endoplasms
  4 giant cockroaches
  17 goblins
  7 hobgoblins
  A jackal (D:4)
  9 kobolds
  3 quokkas
  13 ball pythons
  6 bats
  7 frilled lizards
  4 rats
104 creatures vanquished.

Vanquished Creatures (others)
  An arcanist (D:3)
1 creature vanquished.

Grand Total: 105 creatures vanquished

Notes
Turn   | Place    | Note
-------+----------+-------------------------------------------
     0 | D:1      | hawla the Deep Elf Conjurer began the quest for the Orb.
     0 | D:1      | Reached XP level 1. HP: 10/10 MP: 6/6
   157 | D:1      | Reached XP level 2. HP: 15/15 MP: 2/8
   540 | D:1      | Learned a level 2 spell: Searing Ray
   570 | D:1      | Reached XP level 3. HP: 19/19 MP: 2/10
  1705 | D:2      | Found a runed translucent door.
  1706 | D:2      | Noticed Crazy Yiuf
  1713 | D:2      | Killed Crazy Yiuf
  1714 | D:2      | Reached XP level 4. HP: 24/24 MP: 6/12
  2112 | D:3      | Noticed a scorpion
  2124 | D:3      | Killed a scorpion
  2125 | D:3      | Reached skill level 5 in Conjurations
  2125 | D:3      | Reached XP level 5. HP: 7/28 MP: 6/13
  2315 | D:3      | Found a bloodstained altar of Trog.
  2319 | D:3      | Noticed a wizard
  2325 | D:3      | Killed a wizard
  2637 | D:4      | Found a bloodstained altar of Trog.
  2637 | D:4      | Noticed an ogre
  2644 | D:4      | Killed an ogre
  2645 | D:4      | Reached skill level 5 in Spellcasting
  2645 | D:4      | Reached XP level 6. HP: 22/32 MP: 6/15
  2652 | D:4      | Noticed Robin
  2669 | D:4      | Killed Robin
  2895 | D:4      | Reached skill level 5 in Stealth
  3021 | D:4      | Found a basalt altar of Yredelemnul.
  3130 | D:4      | Found a snail-covered altar of Cheibriados.
  3420 | D:5      | Entered Level 5 of the Dungeon
  3551 | D:5      | Reached skill level 5 in Dodging
  3551 | D:5      | Reached skill level 6 in Conjurations
  3551 | D:5      | Reached XP level 7. HP: 35/36 MP: 9/17
  3645 | D:5      | Learned a level 4 spell: Iskenderun's Mystic Blast
  3678 | D:5      | Found a stormy altar of Qazlal.
  3691 | D:5      | Reached skill level 1 in Fighting
  3984 | D:5      | Reached skill level 1 in Translocations
  4312 | D:5      | Slain by an ice beast

Illustrated notes

Levels and vault maps discovered:
D:1:      minmay_arrival_semitransparent, layout_basic, amethyst_killhole
D:2:      layout_basic, chequers_serial_rivers_room_a,
          dreamdust_princess_corridor, uniq_crazy_yiuf_cottage
D:3:      layout_basic, trog_wizard
D:4:      layout_loops_ring, slow_altar_2,
          mainiacjoe_overflow_concentric_impassable, minmay_ruined_shrine,
          uniq_robin
D:5:      layout_basic, nicolae_qazlal_scattered_showers, bh_walls_and_bars

Skill      XL: |  1  2  3  4  5  6  7 |
---------------+----------------------+-----
Stealth        | 3 4 5 |  5.0
Dodging        | 3 4 5 |  5.2
Spellcasting   | 4 5 |  5.8
Conjurations   | 5 6 |  6.1
Fighting       | 3 |  3.0
Translocations | 2 |  2.5

Action                     |  1- 3 |  4- 6 |  7- 9 || total
---------------------------+-------+-------+-------++-------
  Melee: Unarmed           |     1 |       |       ||     1
         Quarterstaff      |       |    68 |    25 ||    93
   Cast: Magic Dart        |    43 |     8 |     2 ||    53
         Searing Ray       |    10 |    13 |    10 ||    33
         Iskenderun's Myst |       |       |     2 ||     2
    Use: Scroll            |     4 |     7 |     2 ||    13
         Potion            |       |     2 |     2 ||     4
   Stab: Sleeping          |       |     7 |     2 ||     9
         Confused          |       |       |     1 ||     1
 Armour: Robe              |     3 |    78 |    40 ||   121
  Dodge: Dodged            |     4 |    83 |    38 ||   125
